Map: Orbital Shipyard

Players

Semper - Winner!

  • Race: Terran Terran
  • League: Grandmaster

Avokado

  • Race: Terran Terran
  • League: Master

Event: DreamHack ROCCAT LotV Championship

VOD

Have the link to the VOD?

Description

Time

  • Played on: Nov. 26, 2015, 7:38 a.m.
  • Length: 13:15
Show
View Real Time Build Order
Export as new Build Order

Semper Terran - Winner!

Build Orders: Reaper Expand, Bio Tank 

Get SALT Encoding   

  12  0:01  SCV  
  13  0:13  SCV  
  14  0:18  Supply Depot  
  14  0:25  SCV  
  15  0:40  SCV  
  15  0:41  Barracks  
  16  0:44  Refinery  
  16  0:52  SCV  
  18  1:04  SCV  
  18  1:16  SCV  
  19  1:28  Orbital Command  
  19  1:29  Reaper  
  20  1:43  Command Center  
  20  1:54  SCV  
  20  1:57  Supply Depot  
  20  2:01  Reaper  
  22  2:04  Refinery  
  22  2:06  SCV  
  22  2:18  SCV  
  23  2:24  Factory  
  23  2:30  SCV  
  23  2:36  Barracks Reactor  
  24  2:43  SCV  
  25  2:56  SCV, Orbital Command  
  26  3:13  Marine x2  
  26  3:14  SCV  
  26  3:16  Starport  
  26  3:17  Factory Tech Lab, Supply Depot  
  29  3:22  SCV  
  29  3:26  SCV  
  31  3:30  Marine  
  31  3:31  Marine  
  33  3:34  SCV  
  33  3:37  Cyclone  
  37  3:41  SCV  
  37  3:46  SCV  
  39  3:48  Marine x2  
  39  3:52  Medivac  
  39  3:54  SCV  
  44  3:58  Supply Depot, SCV  
  45  4:06  SCV, Marine x2  
  48  4:10  Siege Tank  
  48  4:12  SCV  
  52  4:18  Command Center  
  52  4:20  SCV  
  53  4:24  Marine x2  
  53  4:27  Viking  
  53  4:30  SCV  
  53  4:31  Supply Depot  
  58  4:38  SCV  
  59  4:41  Barracks  
  59  4:46  Barracks  
  58  4:53  SCV, Barracks Tech Lab  
  59  5:00  SCV  
  59  5:04  Engineering Bay  
  59  5:06  Engineering Bay  
  59  5:10  Starport Reactor  
  59  5:16  SCV  
  59  5:19  Marine  
  51  5:24  SCV  
  51  5:27  Stimpack  
  51  5:28  Siege Tank  
  54  5:29  Barracks Reactor  
  54  5:30  SCV  
  54  5:33  Marine  
  56  5:36  SCV  
  56  5:37  Marine  
  56  5:38  Bunker  
  58  5:43  SCV  
  58  5:45  Marine  
  58  5:46  Refinery x2  
  58  5:49  Terran Infantry Weapons Level 1  
  60  5:51  Barracks  
  60  5:53  SCV  
  60  5:55  Marine  
  62  6:00  Marine  
  62  6:01  Orbital Command  
  62  6:03  Marine  
  64  6:07  Medivac  
  64  6:08  SCV x2  
  68  6:13  Marine  
  68  6:14  Refinery  
  69  6:20  SCV x2  
  69  6:25  Sensor Tower  
  71  6:26  Marine x4  
  71  6:28  SCV  
  71  6:30  Marine  
  71  6:32  SCV x2, Siege Tank  
  79  6:37  Marine  
  80  6:40  SCV  
  80  6:44  Marine x4  
  80  6:46  Barracks  
  85  6:51  Supply Depot x2  
  85  6:52  SCV x2, Marine  
  85  6:53  Supply Depot, SCV  
  89  6:56  Barracks Reactor  
  89  6:59  Terran Infantry Armor Level 1  
  89  7:01  Refinery  
  89  7:02  Medivac  
  89  7:03  Medivac  
  93  7:12  SCV x2  
  95  7:17  Marine x3  
  95  7:18  Marine x2  
  95  7:19  Siege Tank  
  103  7:23  SCV  
  103  7:24  SCV x2  
  103  7:27  Supply Depot  
  106  7:30  Combat Shields  
  106  7:31  Supply Depot  
  106  7:35  SCV, Medivac, Marine x2  
  106  7:36  SCV  
  112  7:40  Marine  
  112  7:41  Marine x3  
  112  7:42  Barracks Reactor  
  116  7:45  SCV  
  116  7:49  Supply Depot, SCV  
  118  7:51  Supply Depot  
  118  7:57  Armory  
  118  7:58  Medivac  
  120  8:03  Siege Tank, Marine x3  
  120  8:04  Marine  
  127  8:06  SCV  
  127  8:07  Marine x2  
  130  8:19  Marine  
  129  8:20  Marine x2  
  129  8:21  Marine x2  
  129  8:23  Marine x2  
  129  8:25  SCV  
  129  8:26  Marine x2  
  138  8:30  Medivac x2  
  138  8:33  Factory  
  142  8:36  Supply Depot  
  142  8:37  Supply Depot x2, Marine  
  142  8:38  Marine  
  142  8:40  Marine x2  
  146  8:45  Marine x3  
  149  8:57  Supply Depot, Terran Infantry Weapons Level 2, Terran Infantry Armor Level 2  
  149  8:58  Siege Tank, Marine x5  
  149  9:01  Terran Vehicle Weapons Level 1  
  157  9:08  Marine  
  149  9:17  Marine  
  149  9:18  Marine x4  
  149  9:19  Marine x3  
  157  9:26  Marine  
  157  9:30  Siege Tank  
  161  9:35  Factory Tech Lab, Marine  
  161  9:36  Marine x7  
  169  9:38  Supply Depot  
  169  9:43  Medivac x2  
  169  9:44  Marine  
  163  9:53  Marine x4  
  163  9:54  Marine  
  141  10:01  Siege Tank  
  141  10:02  Siege Tank  
  141  10:04  Marine  
  141  10:05  Marine  
  142  10:17  Marine x6  
  142  10:18  Marine  
  142  10:19  Command Center  
  149  10:22  Marine  
  149  10:23  Marine  
  151  10:33  Siege Tank  
  151  10:34  Siege Tank  
  151  10:35  Marine x7  
  158  10:39  Marine  
  158  10:41  Marine  
  166  10:53  Marine x3  
  156  10:59  Marine  
  156  11:01  Marine  
  156  11:02  Marine x4  
  156  11:03  Medivac  
  156  11:04  Medivac  
  166  11:05  Siege Tank  
  166  11:06  Siege Tank  
  166  11:11  Marine x3  
  172  11:12  Barracks x2  
  172  11:14  Barracks  
  172  11:17  Marine  
  171  11:19  Marine  
  171  11:20  Marine  
  171  11:21  Marine x3  
  176  11:28  Marine  
  176  11:29  Marine x2  
  179  11:33  Supply Depot  
  179  11:35  Marine  
  179  11:37  Siege Tank, Marine  
  179  11:39  SCV  
  185  11:51  Marine  
  185  11:52  Marine  
  185  11:53  Marine  
  153  12:02  Marine  
  153  12:04  Siege Tank, Marine x2  
  153  12:05  Marine x6  
  162  12:08  Marine  
  162  12:10  Marine  
  162  12:11  Marine  
  163  12:20  Siege Tank, Marine  
  163  12:22  Marine x3  
  159  12:27  Marine x6  
  164  12:32  Marine  
  164  12:33  Marine  
  164  12:36  Siege Tank  
  164  12:37  Marine  
  164  12:38  Planetary Fortress  
  164  12:40  Marine x3  
  168  12:47  Marine  
  168  12:48  Marine x2  
  168  12:50  Marine  
  168  12:51  Marine  
  179  13:00  Barracks Reactor x3  
Show
View Real Time Build Order
Export as new Build Order

Avokado Terran 

Build Orders: Reaper Expand, Bio Tank 

Get SALT Encoding   

  12  0:02  SCV  
  14  0:14  SCV  
  14  0:19  Supply Depot  
  14  0:26  SCV  
  15  0:40  SCV  
  15  0:42  Barracks  
  16  0:44  Refinery  
  16  0:52  SCV  
  17  1:04  SCV  
  18  1:16  SCV  
  19  1:28  Reaper  
  19  1:29  Orbital Command  
  20  1:41  Command Center  
  20  1:45  Refinery  
  20  1:52  Supply Depot  
  20  1:56  SCV  
  21  2:06  Barracks Reactor  
  21  2:10  SCV  
  22  2:18  Factory  
  22  2:22  SCV  
  23  2:34  SCV  
  24  2:42  Marine x2  
  25  2:46  SCV  
  26  2:54  Barracks, Orbital Command  
  26  2:59  SCV  
  26  3:00  Marine x2  
  26  3:01  Factory Tech Lab  
  26  3:13  SCV  
  26  3:18  Marine  
  28  3:20  Cyclone  
  28  3:21  Marine  
  28  3:22  SCV  
  28  3:25  SCV  
  34  3:34  SCV  
  34  3:36  Marine  
  34  3:38  Marine  
  37  3:42  SCV  
  37  3:46  Engineering Bay  
  37  3:47  Barracks Tech Lab  
  38  3:49  SCV  
  38  3:53  Siege Tank  
  38  3:54  SCV  
  43  3:59  Supply Depot  
  43  4:01  SCV, Supply Depot  
  44  4:05  Marine  
  44  4:06  SCV  
  44  4:07  Stimpack  
  46  4:14  Terran Infantry Weapons Level 1  
  46  4:20  Marine x2  
  46  4:23  SCV x2  
  50  4:29  Siege Tank  
  53  4:33  Marine  
  53  4:38  Marine  
  54  4:39  Refinery  
  54  4:41  SCV, Refinery  
  54  4:43  Starport  
  54  4:44  Marine  
  57  4:49  SCV  
  57  4:51  Marine  
  59  4:53  SCV  
  59  4:56  Marine  
  58  5:01  SCV  
  58  5:02  Marine  
  58  5:05  SCV  
  61  5:09  Marine  
  61  5:15  SCV  
  61  5:19  Supply Depot  
  61  5:21  Supply Depot, Starport Reactor  
  62  5:24  SCV  
  62  5:38  Supply Depot, Barracks  
  62  5:41  SCV, Siege Tank, Marine x3  
  69  5:51  SCV  
  69  5:53  SCV  
  71  5:57  Command Center  
  71  5:59  Marine x3  
  71  6:02  Medivac  
  76  6:06  Medivac  
  76  6:08  Terran Infantry Armor Level 1  
  76  6:09  SCV  
  76  6:10  SCV  
  80  6:13  Supply Depot  
  80  6:15  Combat Shields  
  80  6:17  Marine x2  
  82  6:23  Marine  
  82  6:24  Siege Tank  
  86  6:31  Supply Depot  
  86  6:32  Supply Depot  
  86  6:35  SCV x2, Marine  
  86  6:37  Medivac x2  
  93  6:42  Barracks Reactor  
  94  6:47  SCV  
  94  6:52  SCV  
  94  6:53  Supply Depot  
  95  6:56  Barracks  
  95  7:01  Barracks, Marine x3  
  95  7:07  Medivac  
  100  7:16  Siege Tank  
  100  7:18  Medivac  
  100  7:19  Marine  
  100  7:20  Orbital Command  
  100  7:21  SCV  
  107  7:29  Engineering Bay  
  107  7:33  Armory  
  107  7:36  Marine x3  
  107  7:37  Medivac  
  112  7:40  Marine x2  
  114  7:45  SCV  
  114  7:46  SCV  
  114  7:48  SCV  
  114  7:50  Barracks Reactor  
  114  7:51  Barracks Reactor  
  117  7:53  Marine  
  117  7:54  Refinery  
  117  7:57  SCV  
  120  7:58  SCV  
  120  8:00  Factory, Marine  
  121  8:09  Siege Tank, Marine x2  
  121  8:11  Medivac  
  129  8:12  SCV  
  129  8:21  Supply Depot  
  129  8:22  Supply Depot  
  129  8:26  Marine x2  
  131  8:30  Medivac  
  133  8:36  Supply Depot  
  133  8:43  SCV x3, Medivac, Marine x3  
  133  8:44  Siege Tank, Marine x2  
  146  8:54  Factory Tech Lab, Marine x3  
  149  8:58  SCV x3, Terran Infantry Weapons Level 2  
  149  9:00  Medivac  
  154  9:03  Supply Depot, Marine  
  154  9:04  Marine x2  
  154  9:06  Marine x2  
  154  9:07  Refinery  
  152  9:13  Medivac  
  149  9:19  Marine  
  149  9:20  Marine x3  
  149  9:21  Siege Tank, Marine  
  157  9:25  Siege Tank, Marine x4  
  157  9:27  Supply Depot  
  157  9:30  Medivac  
  162  9:37  Marine  
  163  9:38  Marine x2  
  163  9:44  Supply Depot  
  165  9:49  Medivac, Marine  
  165  9:50  Marine x2  
  167  9:53  Siege Tank  
  139  10:02  Marine x2  
  139  10:03  Marine x2  
  139  10:04  Siege Tank, Medivac  
  143  10:16  Marine x3  
  143  10:18  SCV x2  
  143  10:19  Medivac  
  144  10:23  Marine x3  
  144  10:25  Siege Tank  
  148  10:29  Marine  
  148  10:31  Marine  
  148  10:34  SCV, Medivac  
  153  10:39  SCV  
  153  10:41  Marine x2  
  156  10:45  SCV  
  156  10:49  Marine  
  158  10:56  Marine x5  
  137  10:57  Siege Tank  
  137  10:58  Marine x2  
  137  11:00  Marine  
  137  11:01  Medivac  
  145  11:07  Marine  
  145  11:08  SCV x3  
  149  11:14  Marine x3  
  152  11:21  Siege Tank, Marine x2  
  152  11:23  Marine  
  158  11:32  Marine  
  158  11:33  Marine x5  
  158  11:39  Marine  
  165  11:45  Marine x2  
  167  11:54  Marine x3  
  122  11:55  Marine x2  
  122  11:58  Marine x2  
  126  12:03  Marine x2  
  120  12:12  Marine x3  
  120  12:13  Marine x2  
  125  12:15  Marine  
  125  12:19  Marine  
  125  12:21  Marine x2  
  110  12:29  Marine x2  
  104  12:32  Marine x3  
  104  12:33  Marine  
  110  12:39  Marine  
  110  12:40  Siege Tank, Marine  
  110  12:41  Marine  
  116  12:47  Marine x2  
  116  12:50  Marine  
  122  12:51  Marine x2  
  122  12:52  Marine  
  122  12:57  Marine  

Tags
 
Add a new tag
Caveats
  • Supply blocks, unpowered buildings, or Contaminate may cause inaccurate times.
  • Supply counts are checked every 10 seconds.